woodfighter, chaotic female elven Rogue -----------########### |........*|## ------# |.........|[# |.....# ------ --|--------####+...I|# |..>.| ###`###### ##|...<|# |....| # ####+...I|# #-...(| # # |....|`#III############# ###|....| ### ### ------# ----|------- # |....| # # # ##............###############.....| ## ### # # |.....i.f@f| ------ --|----# # ### |........f.| |.....|# # # ------------ |.---`.# # ### |.| |.| ################# |.---.| #-------### |.....+############......|# ------- |......# ------- woodfighter the Rogue Experience level: 6 Strength: 14 Dexterity: 19 Constitution: 15 Intelligence: 9 Wisdom: 12 Charisma: 7 Health: 0(31) Energy: 30(30) Def: 3 Gold: 0 Moves: 3985 Dungeon seed: TnBHSpiSZoTysII0 Game ID: woodfighter_1515446472 Your Inventory: Weapons a - a blessed +3 spear named Aggressive Negotiation (weapon in hand) B - 12 +0 elven daggers (in quiver) Armor e - an uncursed +1 leather armor (being worn) n - a blessed +0 dwarvish cloak q - an uncursed +0 cloak of invisibility r - an uncursed +0 orcish helm z - a blessed +1 pair of speed boots N - an uncursed +0 mummy wrapping Y - an uncursed +0 dwarvish cloak Comestibles l - 2 uncursed food rations m - 2 uncursed fortune cookies A - an uncursed lichen corpse C - an uncursed sprig of wolfsbane F - an uncursed tripe ration T - an uncursed pancake Z - an uncursed lizard corpse Wands x - a wand of sleep (0:5) M - a wand of enlightenment (0:11) Tools g - an uncursed blindfold s - an uncursed sack y - an uncursed lock pick Contents of the sack: 988 gold pieces a [cursed] amulet of ESP a [cursed] amulet of strangulation a [cursed] amulet versus poison a +0 elven short sword a [uncursed] scroll of blank paper a [uncursed] scroll of charging a [blessed] scroll of destroy armor a [uncursed] scroll of enchant weapon a [cursed] scroll of enchant weapon a [blessed] scroll of fire a [uncursed] scroll of gold detection 2 [uncursed] scrolls of identify a [cursed] scroll of identify a [uncursed] scroll of remove curse 3 [uncursed] scrolls of scare monster a [uncursed] scroll of teleportation a [uncursed] scroll of water a [uncursed] spellbook of cure blindness a [uncursed] spellbook of detect unseen a [uncursed] spellbook of sleep a [uncursed] potion of confusion a [blessed] potion of fruit juice a [cursed] potion of gain energy a [uncursed] potion of polymorph an uncursed potion of sickness a [uncursed] potion of sleeping a [uncursed] potion of water a [uncursed] ring of poison resistance a wand of opening (0:3) a [uncursed] can of grease [0:20] a [uncursed] can of grease [0:19] a [uncursed] [+0] pick-axe Spells and supernatural/magical abilities: Name Level Category Fail Memory W - pray for help -- divine ? -- Your skills at the end: Miscellaneous Skills wands [Basic] Weapon Skills dagger [Basic] short sword [Basic] spear [Basic] Spellcasting Skills Final Attributes: You were piously aligned. You were sleep resistant. You had infravision. You were somewhat stealthy. You are dead. Vanquished creatures: a large mimic a giant beetle a leprechaun a lizard a housecat a dwarf lord a gnome mummy 2 yellow lights an elf zombie a floating eye 6 rothes a centipede 2 jitterbugs a giant bat 2 dwarf zombies a coyote 2 gas spores 2 large kobolds 4 geckos a cave spider 3 garter snakes a gnome zombie 6 jackals a fox a kobold 6 newts a goblin 4 grid bugs 5 lichens 2 kobold zombies 63 creatures vanquished. Voluntary challenges: You did not adorn yourself with jewelry or accessories. You did not cause conflict. You were not invisible. You did not have reflection. You were not displaced. You were an atheist. You used a wielded weapon 85 times, starting on turn 64. You did not apply a unicorn horn. You did not use plumbed fixtures. You did not drink any magical draughts. You were illiterate. You never genocided any monsters. You never polymorphed an object. You never changed form. You used no wishes. You never split a pudding. You never wrote Elbereth's name. You never violated your personal moral code. Dungeon overview: The Dungeons of Doom: levels 1 to 9 Level 1 some fountains a long staircase Level 2 a general store Level 3 stairs to The Gnomish Mines Level 4 a sink Level 5 Level 6 a delicatessen Level 7 a throne Level 8 <- You were here Level 9 The Gnomish Mines: Level 4 stairs to The Dungeons of Doom History has recorded: On T:1 you entered the Dungeons of Doom to retrieve the Amulet of Yendor! On T:144 you reached level 2 of The Dungeons of Doom. On T:460 you reached level 3 of The Dungeons of Doom. On T:723 you advanced to experience level 2. On T:936 you reached level 4 of The Dungeons of Doom. On T:1042 you reached level 1 of The Gnomish Mines. On T:1329 you advanced to experience level 3. On T:1341 you reached level 5 of The Dungeons of Doom. On T:1979 you advanced to experience level 4. On T:2212 you reached level 6 of The Dungeons of Doom. On T:2637 you reached level 7 of The Dungeons of Doom. On T:2666 you advanced to experience level 5. On T:2986 you advanced to experience level 6. On T:3293 you reached level 8 of The Dungeons of Doom. On T:3755 you reached level 9 of The Dungeons of Doom. Score breakdown: Gold: 988 ( 98 points) Experience: 6 levels ( 500 points) Exploration: 9 levels ( 240 points) Discoveries: 31 items ( 1550 points) Variety of kills: 30 monsters ( 1500 points) Major goal: (nothing yet) ( 0 points) Survival: died (score multiplied by 3) Total score: 11664 Latest messages: You sense a monster nearby! There's still a monster there. Wait! There's something there you can't see! You sense a monster nearby! There's still a monster there. Wait! There's something there you can't see! There's still a monster there. You sense a monster nearby! Where do you want to travel to? Wait! There's something there you can't see! You can see again. You stop travelling. You attack thin air. That food really hit the spot! You finish eating the food ration. You jab the jaguar! The jaguar claws you! (2x) The jaguar bites! Kitty misses the jaguar. (2x) The jaguar claws you! (2x) The jaguar bites! Kitty misses the jaguar. The jaguar claws you! (2x) The jaguar bites! You die... Final status: Goodbye woodfighter the Rogue, killed by a jaguar... You died in The Dungeons of Doom on dungeon level 8 with 11664 points, and 988 pieces of gold, after 3985 moves. You were level 6 with a maximum of 31 hit points when you died.